 Dungeon Crawl Stone Soup version 0.20.0-4-g10b340a (webtiles) character file.

1201 mopl the Caller (level 8, 0/52 HPs)
             Began as a Mummy Summoner on May 27, 2017.
             Was a Follower of Sif Muna.
             Slain by an unseen horror (3 damage)
             ... on level 6 of the Dungeon.
             The game lasted 00:15:03 (9268 turns).

mopl the Caller (Mummy Summoner)                    Turns: 9268, Time: 00:15:04

Health: 0/52       AC:  3    Str: 11    XL:     8   Next: 21%
Magic:  17/17      EV: 12    Int: 16    God:    Sif Muna [*.....]
Gold:   207        SH:  0    Dex: 13    Spells: 5/19 levels left

rFire    x . .     SeeInvis .   q - +1 dagger (elec)
rCold    + . .     Gourm    .   (no shield)
rNeg     + + +     Faith    .   i - -1 robe (curse)
rPois    ∞         Spirit   .   (no helmet)
rElec    .         Reflect  .   (no cloak)
rCorr    .         Harm     .   u - +0 pair of gloves
MR       +....                  c - +0 pair of boots
Stlth    ++........             (no amulet)
Regen    0.2/turn               (no ring)
MPRegen  0.2/turn               (no ring)

@: no status effects
A: no food or potions, fire vulnerability, cold resistance 1, negative energy
resistance 3, torment resistance, unbreathing
a: Divine Energy, Renounce Religion


You were on level 6 of the Dungeon.
You worshipped Sif Muna.
Sif Muna was aware of your devotion.
You were not hungry.

You visited 2 branches of the dungeon, and saw 7 of its levels.

You collected 207 gold pieces.

Inventory:

Hand Weapons
 b - a +0 spear
 j - a +0 halberd
 p - a +1 short sword of venom
 q - a +1 dagger of electrocution (weapon)
Missiles
 d - 7 curare-tipped needles
 g - 14 poisoned needles
 o - 6 tomahawks (quivered)
 w - 2 needles of sleeping
Armour
 c - a +0 pair of boots (worn)
 i - a cursed -1 robe (worn)
 n - a +0 robe
 u - a +0 pair of gloves (worn)
 v - a cursed +0 leather armour
Magical Staves
 a - an uncursed staff of summoning {!a}
Wands
 r - a wand of iceblast (12/15)
Scrolls
 e - 5 scrolls of remove curse
 f - a scroll of immolation
 h - 2 scrolls of noise {unknown}
 k - 2 scrolls of teleportation
 l - a scroll of recharging
 s - 2 scrolls of blinking {unknown}
 t - a scroll of enchant weapon
 x - a scroll of enchant armour
Books
 m - a book of Callings

   Spells                             Type                      Level
   a - Summon Small Mammal            Summoning                    1
   b - Call Imp                       Summoning                    2
   c - Call Canine Familiar           Summoning                    3
   d - Summon Guardian Golem          Hexes/Summoning              3
   e - Summon Lightning Spire         Summoning/Air                4
   f - Summon Ice Beast               Ice/Summoning                4


   Skills:
 - Level 1.5 Dodging
 - Level 1.5 Stealth
 + Level 6.0 Spellcasting
 * Level 6.6 Summonings
 + Level 2.7 Ice Magic
 + Level 1.6 Air Magic
 + Level 2.4 Invocations


You had 5 spell levels left.
You knew the following spells:

 Your Spells              Type           Power        Failure   Level  Hunger
a - Summon Small Mammal   Summ           ####         1%          1    N/A
b - Call Imp              Summ           ####....     1%          2    N/A
c - Call Canine Familiar  Summ           ####....     2%          3    N/A
d - Summon Ice Beast      Ice/Summ       ###.....     19%         4    N/A
f - Summon Lightning Spi  Summ/Air       ###.....     24%         4    N/A

Dungeon Overview and Level Annotations

Branches:
Dungeon (6/15)             Temple (1/1) D:4

Altars:
Ashenzari
Cheibriados
Elyvilon
Fedhas
Kikubaaqudgha
Makhleb
Okawaru
Sif Muna
Uskayaw
Vehumet
Xom
Zin


Innate Abilities, Weirdness & Mutations

You do not eat or drink.
Your flesh is vulnerable to fire.
You are immune to poison.
Your flesh is cold resistant. (rC+)
You are immune to negative energy. (rN+++)
You are immune to unholy pain and torment.
You can survive without breathing.


Message History

The howler monkey howls!
You barely miss the howler monkey. The howler monkey barely misses you.
You closely miss the howler monkey. Something hits you.
Deactivating autopickup; reactivate with Ctrl-A.
Something hits you! The howler monkey hits you. Something hits you.
You closely miss the howler monkey. Something hits you!
The howler monkey hits you!
* * * LOW HITPOINT WARNING * * *
You are too injured to fight recklessly!
You are too injured to fight recklessly!
Casting: Call Canine Familiar
Confirm with . or Enter, or press ? or * to list all spells.
Okay, then.
Something hits you but does no damage. x2
Something hits you.
* * * LOW HITPOINT WARNING * * *
Something hits you!
* * * LOW HITPOINT WARNING * * *
Something hits you.
You die...

#................[
#.................
#.................
######.................
#..............##......
#..h...........##......
#..#..#..#...#.........
#...##...##...#.........
#....###@###.............
#.###. #.##.###.(........
#. # #.#.###.......#### #
#.####..#.....###
.8...............
#.####..#........
#.#.###..........
#)##.###......###
##.###.........#


You could see a howler monkey.

Vanquished Creatures
  3 slaves
  An ogre (D:4)
  2 phantoms
  A scorpion (D:4)
  2 crimson imps
  A hound (D:4)
  A jelly (D:5)
  2 orc wizards (D:4)
  Ijyb (D:3)
  An iguana (D:4)
  2 worker ants
  A hound zombie (D:5)
  3 gnolls (D:4)
  3 adders
  3 shadow imps
  2 oozes
  2 adder skeletons
  2 worms (D:4)
  A dart slug (D:5)
  6 leopard geckos
  10 orcs
  A ball python (D:4)
  7 bats
  5 giant cockroaches
  12 goblins
  2 hobgoblins (D:3)
  4 jackals
  12 kobolds
  2 quokkas
  A ball python skeleton (D:4)
  8 frilled lizards
  7 rats
111 creatures vanquished.

Vanquished Creatures (collateral kills)
  Pikel (D:5)
  Sigmund (D:4)
  A slave (D:5)
  A howler monkey (D:5)
  A bullfrog zombie (D:5)
  A jelly (D:5)
  An iguana (D:5)
  2 orc wizards
  5 gnolls
  2 adders (D:2)
  5 orcs
  2 bats (D:1)
  A giant cockroach (D:2)
  2 hobgoblins
  2 jackals (D:4)
  4 kobolds
  2 frilled lizards
  2 goblins (D:3)
  2 rats (D:1)
38 creatures vanquished.

Grand Total: 149 creatures vanquished

Notes
Turn   | Place    | Note
-------+----------+-------------------------------------------
     0 | D:1      | mopl the Mummy Summoner began the quest for the Orb.
     0 | D:1      | Reached XP level 1. HP: 13/13 MP: 4/4
   563 | D:1      | Reached XP level 2. HP: 3/19 MP: 0/5
   735 | D:1      | Learned a level 2 spell: Call Imp
   942 | D:1      | Reached skill level 3 in Spellcasting
  1585 | D:2      | Reached XP level 3. HP: 17/24 MP: 4/7
  1586 | D:2      | Reached skill level 4 in Summonings
  2778 | D:3      | Reached XP level 4. HP: 30/30 MP: 9/9
  2783 | D:3      | Learned a level 3 spell: Call Canine Familiar
  3945 | D:3      | Reached skill level 4 in Spellcasting
  4378 | D:3      | Noticed Ijyb
  4431 | D:3      | Killed Ijyb
  4741 | D:3      | Reached XP level 5. HP: 23/35 MP: 11/11
  4850 | D:3      | Learned a level 4 spell: Summon Ice Beast
  5271 | D:4      | Reached skill level 5 in Summonings
  5299 | D:4      | Noticed Sigmund
  5366 | D:4      | Killed Sigmund
  5366 | D:4      | Reached skill level 1 in Ice Magic
  5366 | D:4      | Reached XP level 6. HP: 27/41 MP: 3/13
  5492 | D:4      | Reached skill level 5 in Spellcasting
  6297 | D:4      | Found a staircase to the Ecumenical Temple.
  6308 | Temple   | Entered the Ecumenical Temple
  6328 | Temple   | Became a worshipper of Sif Muna the Loreminder
  6390 | D:4      | Reached XP level 7. HP: 32/46 MP: 14/14
  6581 | D:4      | Reached skill level 1 in Invocations
  6728 | D:4      | Found a blossoming altar of Fedhas.
  6729 | D:4      | Found an iron altar of Okawaru.
  6735 | D:4      | Found a shattered altar of Ashenzari.
  6735 | D:4      | Found a snail-covered altar of Cheibriados.
  6737 | D:4      | Found a white marble altar of Elyvilon.
  6739 | D:4      | Found a shimmering altar of Xom.
  6740 | D:4      | Found a glowing silver altar of Zin.
  6796 | D:4      | Reached skill level 2 in Ice Magic
  6805 | D:4      | Learned a level 4 spell: Summon Lightning Spire
  7179 | D:5      | Entered Level 5 of the Dungeon
  7277 | D:5      | Reached skill level 6 in Summonings
  7617 | D:5      | Noticed Pikel
  8256 | D:5      | Reached skill level 1 in Air Magic
  8421 | D:5      | Killed Pikel
  8421 | D:5      | Reached * piety under Sif Muna
  8421 | D:5      | Reached skill level 2 in Invocations
  8421 | D:5      | Reached XP level 8. HP: 11/52 MP: 5/16
  9179 | D:5      | Reached skill level 6 in Spellcasting
  9268 | D:6      | Slain by an unseen horror

Skill      XL: |  1  2  3  4  5  6  7  8 |
---------------+-------------------------+-----
Spellcasting   | 3 4 5 6 |  6.0
Summonings     | 4 5 6 |  6.6
Ice Magic      | 1 2 |  2.7
Invocations    | 2 |  2.4
Air Magic      | 1 |  1.6
Dodging        | |  1.5
Stealth        | |  1.5

Action                   |  1- 3 |  4- 6 |  7- 9 || total
-------------------------+-------+-------+-------++-------
Melee: Unarmed           |    17 |       |       ||    17
       Dagger            |    14 |    75 |   198 ||   287
       Short sword       |    35 |    84 |       ||   119
       Halberd           |    44 |    22 |       ||    66
       Spear             |       |    43 |       ||    43
 Cast: Summon Small Mamm |    20 |     1 |       ||    21
       Call Imp          |    11 |    14 |     8 ||    33
       Call Canine Famil |       |     8 |    16 ||    24
  Use: Scroll            |       |     1 |     5 ||     6
 Stab: Sleeping          |     3 |     1 |     4 ||     8
       Distracted        |       |       |     1 ||     1
Armor: Robe              |    30 |    17 |    30 ||    77
Dodge: Dodged            |   104 |   124 |    91 ||   319
